Cogmind - Beta 13 @@@ ROGUE MODE // 2024.04.02 @ 14:00:54 Player: Photon Result: Destroyed by G-47 Trooper with Particle Gun Performance ------------- Evolutions (0) 0 Regions Visited (2) 400 Robots Destroyed (13) 65 Value Destroyed (293) 293 Prototype IDs (1) 20 Alien Tech Used (0) 0 Bonus (0) 0 TOTAL SCORE: 778 Bonus ------- None Cogmind --------- Core Integrity 0/250 Matter 53/300 Energy 250/250 System Corruption 0% Temperature Cool (9) Movement Core (300) Ox5 Location -10/Mines Parts ------- > --- POWER (1) -------- (None) > --- PROPULSION (2) --- (None) > --- UTILITY (2) ------ Medium Battery Sensor Drone Bay (18/20) > --- WEAPON (2) ------- Assault Rifle > --- INVENTORY (5) ---- Ion Engine ECM Suite Mining Laser Peak State ------------ > --- POWER ------------ (None) > --- PROPULSION ------- Light Treads > --- UTILITY ---------- Medium Battery Sensor Drone Bay > --- WEAPON ----------- Assault Rifle > --- INVENTORY -------- Ion Engine ECM Suite Mining Laser [Rating: 11] Favorites ----------- Power Light Ion Engine Engine Light Ion Engine Propulsion Aluminum Leg Treads Light Treads Leg Aluminum Leg Hover Unit Hover Unit Flight Unit Flight Unit Utility Small Storage Unit Device Sensor Drone Bay Storage Small Storage Unit Processor Visual Processing Unit Weapon Light Assault Rifle Ballistic Gun Light Assault Rifle Launcher Grenade Launcher Special Weapon Mining Laser Build | -11 -10 -10 ------- Run | Yrd Mat Min Slots Evolved . | . . . Power . | . . . Propulsion . | . . . Utility . | . . . Weapon . | . . . Parts Attached 26 | 3 18 5 Power 3 | . 3 . Engine 3 | . 3 . Core . | . . . Reactor . | . . . Propulsion 6 | 2 3 1 Treads 1 | . . 1 Leg 2 | 2 . . Wheel . | . . . Hover 2 | . 2 . Flight 1 | . 1 . Utility 8 | 1 5 2 Device 4 | . 2 2 Storage 2 | 1 1 . Processor 2 | . 2 . Hackware . | . . . Protection . | . . . Artifact . | . . . Weapon 9 | . 7 2 Energy Gun . | . . . Energy Cannon . | . . . Ballistic Gun 6 | . 5 1 Ballistic Cannon . | . . . Launcher 2 | . 1 1 Special Weapon 1 | . 1 . Impact Weapon . | . . . Slashing Weapon . | . . . Piercing Weapon . | . . . Special Melee Weapon . | . . . Unidentified Prototypes 1 | . . 1 Parts Lost 7 | . 3 4 Power 1 | . 1 . Propulsion 3 | . 1 2 Utility 2 | . 1 1 Weapon 1 | . . 1 Highest Loss Streak 3 | . 2 3 To Critical Strikes . | . . . Average Slot Usage (%) 55 | . 56 54 Engine 4 | . 6 . Treads 5 | . . 13 Leg 3 | . 5 . Hover 2 | . 3 . Flight 3 | . 4 2 Device 10 | . 8 13 Storage 13 | . 13 14 Ballistic Gun 11 | . 12 11 Naked Turns . | . . . Heaviest Build 18 | 5 15 18 Greatest Support 20 | 20 20 20 Greatest Overweight (x) 3 | . 3 . Average Overweight (x) . | . . . Largest Inventory Capacity 8 | 8 8 5 Average Capacity 6 | 7 7 5 Most Carried 8 | 7 8 5 Average Carried 5 | 6 6 3 Final Capacity 8 | 8 5 5 Final Carried 7 | 7 5 3 Class Distribution -------------------- 100% | Mutant Dominant Class ---------------- Mutant | -10/Materials Mutant | -10/Mines Resources | -11 -10 -10 ----------- Run | Yrd Mat Min Matter Collected 426 | 230 153 43 Remotely . | . . . Salvage Created 380 | . 340 40 Parts 31 | . 31 . Haulers Intercepted 2 | . 2 . Recyclers Shooed . | . . . Parts Field Recycled . | . . . Retrieved Matter . | . . . Parts Self-Destructed . | . . . Prevented . | . . . Kills | -11 -10 -10 ------- Run | Yrd Mat Min Combat Hostiles Destroyed 17 | . 9 8 Guns 6 | . 4 2 AOE 11 | . 5 6 Classes Destroyed 6 | . 5 1 Hauler 2 | . 2 . Operator 1 | . 1 . Watcher 1 | . 1 . Swarmer 3 | . 3 . Grunt 6 | . 6 . Assembled 8 | . . 8 Best Kill Streak 7 | . 5 7 Combat Bots Only 7 | . 5 7 Max Kills in Single Turn 3 | . 3 2 Gunslinging . | . . . Exploded 3 | . 3 2 Melee . | . . . Uniques/NPCs Destroyed . | . . . Combat | -11 -10 -10 -------- Run | Yrd Mat Min Hostile Shots Fired 74 | . 45 29 Missed 24 | . 17 7 Damage Taken 763 | . 323 440 Core 258 | . 61 197 Absorbed by Shields . | . . . Core Remaining (%) 100 | 100 . . Volleys Fired 76 | . 53 23 Largest 2 | . 2 1 Hottest 100 | . 100 30 Shots Fired 95 | . 72 23 Gun 80 | . 62 18 Cannon . | . . . Launcher 10 | . 5 5 Special 5 | . 5 . Kinetic 80 | . 62 18 Thermal 5 | . 5 . Explosive 10 | . 5 5 Electromagnetic . | . . . Robot Hit Streak 7 | . 7 5 Robot Miss Streak 7 | . 7 3 Penetration Max . | . . . Secondary Targets 1 | . 1 . Max Gunslinging Chain 1 | . 1 . Shots Hit Robots 40 | . 29 11 Core Hits 36 | 1 18 17 Critical Kills 1 | . . 1 Critical Parts Destroyed . | . . . Critical Strikes 1 | . . 1 Destroy 1 | . . 1 Melee Attacks . | . . . Impact . | . . . Slashing . | . . . Piercing . | . . . Sneak Attacks . | . . . Combat Hostiles . | . . . Follow-up Attacks . | . . . Damage Inflicted 1132 | 11 515 606 Guns 366 | . 240 126 Cannons . | . . . Explosions 755 | . 275 480 Melee . | . . . Ramming 11 | 11 . . Kinetic 366 | . 240 126 Thermal . | . . . Explosive 755 | . 275 480 Electromagnetic . | . . . Impact . | . . . Slashing . | . . . Piercing . | . . . Highest Corruption . | . . . Average Corruption . | . . . Corruption Purged . | . . . Corruption Blocked . | . . . Overload Shots . | . . . Overflow Damage 70 | . 33 37 Projectiles . | . . . Explosions 70 | . 33 37 Melee . | . . . Knockbacks . | . . . Impact . | . . . Kinetic . | . . . Secondary . | . . . Self-Inflicted Damage 85 | . 12 73 Shots 4 | . 1 3 Rammed . | . . . Targets Rammed 2 | 2 . . Kicked 2 | 2 . . Crushed . | . . . Highest Temperature 60 | . 60 6 Average Temperature 19 | . 20 5 Received Heat Transfer 250 | . 147 103 Siege Activations . | . . . Robots Corrupted . | . . . Combat Hostiles . | . . . Parts Fried . | . . . Impact Corruptions . | . . . Robots Melted . | . . . Combat Hostiles . | . . . Parts Melted . | . . . Heat Transferred . | . . . Parts Sabotaged . | . . . Parts Stolen . | . . . Parts Stripped . | . . . Power Chain Reactions . | . . . Alert | -11 -10 -10 ------- Run | Yrd Mat Min Peak Influence 243 | . 243 92 Initial 54 | . . 54 Average 56 | . 97 70 Maximum Alert Level 1 | . 1 . Low Security (%) 93 | 100 83 100 Level 1 6 | . 16 . Level 2 . | . . . Level 3 . | . . . Level 4 . | . . . Level 5 . | . . . High Security . | . . . Max Security . | . . . Squads Dispatched 2 | . 2 . Investigation 1 | . 1 . Extermination . | . . . Reinforcement 1 | . 1 . Assault . | . . . Garrison . | . . . Intercept . | . . . Searches Triggered . | . . . Construction Impeded . | . . . Haulers Reinforced . | . . . Active Scanning Responses . | . . . Cargo Convoy Interrupts . | . . . Stealth | -11 -10 -10 --------- Run | Yrd Mat Min Distress Signals 1 | . 1 . Communications Jammed . | . . . Distress Signals . | . . . Times Spotted 38 | . 24 14 Peak Tracking Total 10 | . 7 10 Tactical Retreats 6 | . 4 2 Traps | -11 -10 -10 ------- Run | Yrd Mat Min Traps Triggered 1 | . 1 . Indirectly . | . . . Trap Hack Attempts . | . . . Triggered . | . . . Disarmed . | . . . Reprogrammed . | . . . Reused . | . . . Traps Extracted . | . . . Installed . | . . . Triggered . | . . . Machines | -11 -10 -10 ---------- Run | Yrd Mat Min Machines Disabled 4 | . . 4 Max in Single Turn 2 | . . 2 Machines Repaired . | . . . Machines Dismantled . | . . . Machines Sabotaged . | . . . Overloaded Fab Kills . | . . . Hacking | -11 -10 -10 --------- Run | Yrd Mat Min Machines Accessed 6 | . 5 1 Terminals 5 | . 5 . Fabricators . | . . . Repair Stations . | . . . Recycling Units . | . . . Scanalyzers . | . . . Garrison Access . | . . . Total Hacks 14 | . 13 1 Successful 6 | . 5 1 Failed 8 | . 8 . Catastrophic 2 | . 2 . Database Lockouts . | . . . Manual . | . . . Terminals 13 | . 13 . Fabricators . | . . . Repair Stations . | . . . Recycling Units . | . . . Scanalyzers . | . . . Garrison Access . | . . . Terminal Hacks 6 | . 5 1 Record 1 | . 1 . Open Door 1 | . . 1 Scanalyzer Index 1 | . 1 . Alert Level 1 | . 1 . Recall Investigation 1 | . 1 . Recall Reinforcements 1 | . 1 . Fabricator Hacks . | . . . Repair Station Hacks . | . . . Recycling Unit Hacks . | . . . Scanalyzer . | . . . Garrison Access Hacks . | . . . Unauthorized Hacks . | . . . Terminals . | . . . Fabricators . | . . . Repair Stations . | . . . Recycling Units . | . . . Scanalyzers . | . . . Garrison Access . | . . . Data Cores Recovered . | . . . Used . | . . . Hacking Detections 5 | . 5 . Full Trace Events 1 | . 1 . Feedback Events . | . . . Feedback Blocked . | . . . Robot Schematics Acquired . | . . . Robots Built . | . . . Authchips . | . . . Time . | . . . Total Robot Build Rating . | . . . Part Schematics Acquired . | . . . Parts Built . | . . . Authchips . | . . . Time . | . . . Total Part Build Rating . | . . . Parts Repaired . | . . . Time . | . . . Parts Recycled . | . . . Recycled Matter . | . . . Retrieved Matter . | . . . Retrieved Components . | . . . Parts Scanalyzed . | . . . Part Schematics Acquired . | . . . Parts Damaged . | . . . Bothacking | -11 -10 -10 ------------ Run | Yrd Mat Min Used RIF Installer . | . . . Robots Hacked . | . . . Non-combat . | . . . Combat . | . . . Robot Hacks Applied . | . . . Relay Couplers Released . | . . . Fabnet Peak Effective % . | . . . Robots Rewired . | . . . Allies Hacked . | . . . Hacks Repelled . | . . . Allies | -11 -10 -10 -------- Run | Yrd Mat Min Total Allies . | . . . Largest Group . | . . . Highest-Rated Group . | . . . Highest-Rated Ally . | . . . Total Orders 7 | . . 7 EXPLORE 6 | . . 6 RETURN 1 | . . 1 Ally Attacks . | . . . Total Damage . | . . . Kills . | . . . Allies Corrupted . | . . . Allies Melted . | . . . Intel | -11 -10 -10 ------- Run | Yrd Mat Min Robot Analysis Total . | . . . Derelict Logs Recovered 2 | . . 2 Drone Launches 5 | . . 5 Drone Recoveries 3 | . . 3 Exploration | -11 -10 -10 ------------- Run | Yrd Mat Min Turns Passed 1128 | 390 448 290 Spaces Moved 754 | 186 453 115 Core 178 | 15 163 . Treads 46 | . . 46 Legs 226 | 171 55 . Wheels . | . . . Hover 84 | . 84 . Flight 220 | . 151 69 Fastest Speed 40 | 50 40 40 Average Speed 78 | 114 60 93 Slowest Speed 280 | 120 280 160 Overloaded Moves . | . . . Propulsion Burnouts . | . . . Robots Hopped . | . . . Cave-ins Triggered . | . . . Exploration Rate (%) 64 | 15 82 96 Regions Visited 2 Branch Regions 1 Pre-discovered Areas . | . . . Known Exits Taken . | . . . Unknown Exits Taken 2 | 1 1 . Scrap Searched 1 | . . 1 Spaces Dug 10 | . 5 5 Terrain Destroyed 55 | . 22 33 Melee . | . . . Projectile 5 | . 5 . AOE 50 | . 17 33 Terrain Rammed . | . . . Walls Destroyed . | . . . Machines Disabled . | . . . Actions | -11 -10 -10 --------- Run | Yrd Mat Min Total 1195 | 362 559 274 Wait 298 | 164 8 126 Move 752 | 185 452 115 Hop . | . . . Pick Up 21 | 8 10 3 Fast Attach 5 | 2 2 1 Attach 18 | 1 14 3 Detach 8 | . 8 . Swap 3 | . 2 1 Drop 12 | . 10 2 Fire 76 | . 53 23 Melee . | . . . Ram . | . . . Kick 2 | 2 . . Crush . | . . . Escape Stasis . | . . . Rewire . | . . . Trap . | . . . Miscellaneous . | . . . Route ------- -11/Scrapyard -10/Materials (discovered 3 exits: *Mat x2 / *Min) -10/Mines (discovered 2 exits: *Mat x2) History --------- Turn | Location | Event 3 | -11/Scrapyard | Discovered new exit (range 16) 391 | -11/Scrapyard | Entered Materials 392 | -10/Materials | Build established: Mutant 480 | -10/Materials | Discovered new exit (range 4) 738 | -10/Materials | Discovered new exit (range 15) 827 | -10/Materials | Discovered new exit (range 16) 839 | -10/Materials | Entered Mines 866 | -10/Mines | Assembled infested the area 876 | -10/Mines | Found the Drone Emporium 891 | -10/Mines | Core integrity fell below 50% 915 | -10/Mines | Destroyed 7 combat bots 919 | -10/Mines | Found Prototype Device 920 | -10/Mines | Identified Sensor Drone Bay 931 | -10/Mines | Core integrity fell below 20% 933 | -10/Mines | Lost 3 parts (1n1u1w) 971 | -10/Mines | Learned 2 Materials zone layouts 992 | -10/Mines | Discovered new exit (range 24) 1056 | -10/Mines | Discovered new exit (range 40) 1063 | -10/Mines | Identified exit to Materials 1129 | -10/Mines | Destroyed by G-47 Trooper with Particle Gun Last Messages --------------- 01014_ D-53 Grenadier destroyed. 01014_ T-07 Excavator is excavating. 01017_ K-01 Serf collects debris. 01018_ U-05 Engineer lays Concrete. 01019_ U-05 Engineer builds a Wall. 01021_ K-01 Serf collects debris. 01023_ U-05 Engineer lays Concrete. 01029_ U-05 Engineer builds a Wall. 01030_ K-01 Serf collects debris. 01033_ U-05 Engineer lays Concrete. 01034_ U-05 Engineer builds a Wall. 01035_ K-01 Serf collects debris. 01056_ EXIT=FOUND 01063_ EXIT=IDENTIFIED: MATERIALS 01096_ Sensor Drone retrieved by Sensor Drone Bay. 01099_ U-05 Engineer lays Concrete. 01099_ Sensor Drone retrieved by Sensor Drone Bay. 01100_ U-05 Engineer lays Concrete. 01118_ K-01 Serf collects debris. 01126_ Lgt. Treads destroyed. Map ----- +----------------------------------------------------+ | #????????????## ######## ##?????????????? | | ##????????????# #?????????????? | | # #????????????# #?????????????? | | #????????????####### ##?????????????? | | #????????????????## ## ##??????????????? | | #???????????????## #####???????????????? | | # ##??????????????## ##???#######???????? | | #####?????#######??## ##?## ###?????? | | ?????????## #### #?# ##????? | | ?????????# ## #?# #????? | | ?????????# ## #?# #????? | | ????????# ## ### #?# #?????? | | ??????#$ #?## #?# #?# #??????? | | ?????# #???# ##?## ### #???????? | | ?????## #????# ##??#### ##??????? | | ###???###?????# ##????# ##?????? | | #???????????# #????# ## ##????? | | #???????????## ##???## ######### #????? | | # #?????######### ####?####??####?## #????? | | # #?????# " ### ##??##### #### ##????? | | # #####?## # #?## ## ##?????? | | # !#?## # ### ###??????? | | ##### #?## # gg ###????????? | | ????# #?# ## % ### ####??????????? | | ????# ### r #### ##?????????????? | | ??### ### @ #??????????????? | | ?## # ### ### #??????????????? | | ## ##### # #?## ##?### ##??????????????? | | #???# %%### # ##### ###### #?????????####### | | #???## ## #### # #??????#### | | ##???# ### ## # #??????# | | #???# ## #### ############????### ## " | | #???# #???????????????# ## " | | ##??#### ### #???????????????# ### " | | #####?## # ## ####???####?????# #?# < | | ### #### ###### ##???# #?# " | | # ### #??# ## #? ###?# #?# " | | ## #??## ####### #?# ### " | | ## #####???# #?# ## | | # ## ##???????# <% # ### ######## | | ########????????## ###### #### #??????? | | #???????????????####### ## ### #??????? | | #?????????????????????# # ## ##?????? | | ##?????????????????????### % ##????? | | ##????????????????????????#### % ##???? | | ##????????????????????????????# #### #???? | | ##?????????????????????????????###?# #??? | | #?????????????????????????????????## ## #?? | | ?????????????????????????????????## ##?# #? | | ?????????????????????????????????# #??? #? | +----------------------------------------------------+ Best States ------------- Heat Dissipation 25 Energy Generation 10 Energy Capacity 400 Matter Stores 300 Matter Capacity 300 Sight Range 18 Robot Scan Range 14 Terrain Scan Density 10 ECM Strength 1 Additional Mass Support 6 Evasion (%) 62 Recoil Reduction 1 Item Schematics ----------------- None Robot Schematics ------------------ None Fabricated ------------ Nothing Alien Tech Used ----------------- None Achievements -------------- GoHome() Challenges ------------ None Game ------ Seed SurgeSpreadBrace Manual? 0 Play Time 00:56:44 Cumulative 10.3 hours Start 2024.04.02 @ 12:22:17 End 2024.04.02 @ 14:00:54 Sessions 3 Manual Loads 0 Difficulty Rogue Special Mode None Game No. 3 Rogue 3 Adventurer 0 Explorer 0 Win Type - Total 0 Types 0/0/0/0/0/0/0/0/0 Lore% 5 Gallery% 7 Achievement% 8 Wizard Run 0 Options --------- Layout 0 ASCII 1 Keyboard 0 Movement Mouse Keybinds 0 Fullscreen 2 Font 18/Terminus Map View 76x50 Zoom Use 0% Tactical HUD 1 Map Filters NONE Filters NONE Steam 0 RUN: 239a9d99-8a0d-4c74-9fa0-6779b4ce7f0f